 Dungeon Crawl Stone Soup version 0.28.0-53-g5a82cb258f (webtiles) character file.

Game seed: 17379102116184791902

150 Lennethare the Changer (level 5, 0/33 HPs)
             Began as an Octopode Transmuter on June 21, 2022.
             Killed from afar by Ijyb (9 damage)
             ... with a puff of flame
             ... on level 4 of the Dungeon on June 24, 2022.
             The game lasted 00:09:39 (3514 turns).

Lennethare the Changer (Octopode Transmuter)        Turns: 3514, Time: 00:09:40

Health: 0/33       AC:  2    Str: 10    XL:     5   Next: 32%
Magic:  6/8        EV: 19    Int: 17    God:
Gold:   113        SH:  0    Dex: 17    Spells: 0/8 levels left

rFire   . . .      SeeInvis .     - Unarmed
rCold   . . .      Faith    .   (shield currently unavailable)
rNeg    . . .      Spirit   .   (helmet currently unavailable)
rPois   .          Reflect  .   (no amulet)
rElec   .          Harm     .   c - ring of poison resistance
rCorr   .          Rampage  .   (no ring)
Will    .....                   (no ring)
Stlth   ++........              (no ring)
HPRegen 0.11/turn               (no ring)
MPRegen 0.11/turn               (no ring)
                                (no ring)
                                (no ring)

@: spider-form
A: venomous fangs, almost no armour, (amphibious), 8 rings, tiny, (camouflage
1), (gelatinous body 1), (nimble swimmer 1), (tentacles)
a: End Transformation


You were on level 4 of the Dungeon.
You were a venomous arachnid creature.
You visited 1 branch of the dungeon, and saw 4 of its levels.

You collected 113 gold pieces.

Inventory:

Missiles
 e - 136 stones
Magical Staves
 d - a staff of air
Jewellery
 c - a ring of poison resistance (left front leg)
Scrolls
 a - a scroll of vulnerability {unknown}
 b - a scroll of fog {unknown}
 f - a scroll of fear {unknown}


   Skills:
 - Level 1.3 Fighting
 - Level 2.2 Dodging
 + Level 3.3 Unarmed Combat
 - Level 2.0 Spellcasting
 - Level 4.0 Transmutations
 - Level 3.0 Poison Magic


You couldn't memorise any spells.
You knew the following spells:

 Your Spells              Type           Power      Damage    Failure   Level
a - Beastly Appendage     Tmut           30%        N/A       12%         1
b - Spider Form           Tmut/Pois      13%        N/A       32%         3
c - Ice Form              Ice/Tmut       8%         N/A       82%         4

Your spell library contained the following spells:

 Spells                   Type           Power      Damage    Failure   Level
 Wereblood                Tmut           15%        N/A       16%         2


Dungeon Overview and Level Annotations

Branches:
Dungeon (4/15)
 Temple: D:4-7

Altars:

Shops:
D:1 [:***

Annotations:
D:3 Grinder
D:4 Ijyb


Innate Abilities, Weirdness & Mutations

You are a venomous arachnid creature.
You have poisonous fangs.
You are tiny and dextrous.
Your spellcasting is less reliable in this form.
Your armour is entirely melded.
You are incapable of wielding weapons or throwing items.
You cannot wear most types of armour.
((You are amphibious.))
You can wear up to eight rings at the same time.
((Your skin changes colour to match your surroundings (Stealth+).))
((Your rubbery body absorbs attacks. (AC +1, EV +1)))
((You are camouflaged when in or above water. (Stealth+)))
((You have tentacles for arms and can constrict up to eight enemies at once.))


Message History

You hit the orc.
The orc looks as sick as possible!
The orc is moderately wounded.
The orc completely misses you. Ijyb hits you with a +0 club.
You hit Ijyb.
Ijyb is moderately wounded.
You kill the orc!
You barely miss Ijyb.
Ijyb is moderately wounded.
Ijyb closely misses you. The orc hits you with a +0 club.
You barely miss Ijyb.
Ijyb is moderately wounded.
Ijyb hits you with a +0 club. The orc hits you with a +0 club.
You closely miss Ijyb.
Ijyb is moderately wounded.
The orc misses you. Ijyb barely misses you. The orc hits you with a +0 club.
You hit Ijyb.
Ijyb is moderately wounded.
Ijyb closely misses you. The orc barely misses you.
You hit Ijyb but do no damage.
Ijyb is moderately wounded.
The orc misses you.
The orc hits you from afar with a +0 trident!
Ijyb closely misses you.
You hit Ijyb.
Ijyb is heavily wounded.
The orc misses you.
Ijyb zaps a wand.
The puff of flame misses you. The orc closely misses you.
You hit Ijyb.
Ijyb is poisoned.
Ijyb is heavily wounded.
The orc hits you with a +0 club.
The orc hits you from afar with a +0 trident.
* * * LOW HITPOINT WARNING * * *
Ijyb zaps a wand.
The puff of flame hits you.
* * * LOW HITPOINT WARNING * * *
You feel better. The orc barely misses you.
The orc hits you but does no damage.
Ijyb grins evilly.
Ijyb zaps a wand.
The puff of flame hits you!
You die...

#..........≈
#..........≈
#...!.......
...........
.####........
.........oo #
.........#
.#.#
#o##o...##
#.sg.....#
#......##.##
#......#
###....#
...### #...$
##..# #.##


You could see Ijyb (very poisoned) and 2 orcs.

Vanquished Creatures
  A jelly (D:3)
  2 adders (D:2)
  3 worms
  4 dart slugs
  2 orcs
  6 bats
  3 endoplasms
  4 giant cockroaches (D:1)
  3 hobgoblins
  10 jackals
  8 kobolds
  3 quokkas
  9 ball pythons
  4 frilled lizards
  7 goblins
  6 rats
75 creatures vanquished.

Notes
Turn   | Place    | Note
-------+----------+-------------------------------------------
     0 | D:1      | Lennethare the Octopode Transmuter began the quest for the
                  | Orb.
     0 | D:1      | Reached XP level 1. HP: 13/13 MP: 3/3
   154 | D:1      | Found Lydder's Book Boutique.
   158 | D:1      | Reached XP level 2. HP: 14/18 MP: 3/5
   255 | D:1      | Found Umpieb's Assorted Antiques.
   377 | D:1      | Reached skill level 3 in Transmutations
   452 | D:1      | You fall into a shaft and drop 1 floor!
   493 | D:2      | Reached XP level 3. HP: 6/23 MP: 6/6
   744 | D:1      | Learned a level 3 spell: Spider Form
   744 | D:1      | Found Kengeett's Assorted Antiques.
   842 | D:1      | Found Neolew's Assorted Antiques.
   867 | D:1      | Reached skill level 1 in Poison Magic
  1352 | D:1      | Found Vaagranut's Antique Armour Boutique.
  1728 | D:2      | Reached XP level 4. HP: 24/28 MP: 7/7
  2745 | D:3      | Noticed a phantom
  2889 | D:3      | Noticed Grinder
  2926 | D:3      | Reached skill level 4 in Transmutations
  2926 | D:3      | Reached XP level 5. HP: 13/33 MP: 4/8
  3209 | D:3      | Found a faded altar of an unknown god.
  3299 | D:3      | Learned a level 4 spell: Ice Form
  3503 | D:4      | Noticed Ijyb
  3514 | D:4      | Killed from afar by Ijyb

Illustrated notes

Levels and vault maps discovered:
D:1:      minmay_arrival_four_loops, layout_loops_ring, serial_shops, shop,
          nicolae_diamond_shop, nicolae_shop_stone, nicolae_shop_stone,
          nicolae_shop_overgrown_old_shop
D:2:      layout_basic
D:3:      layout_basic, nicolae_ecumenical_snake_handling, uniq_grinder
D:4:      layout_cave_pools, gup_sewer_entry_spiral,
          chequers_serial_rivers_micro_e, kennysheep_pointless_box, uniq_ijyb

Skill      XL: |  1  2  3  4 |
---------------+-------------+-----
Transmutations | 3 4 |  4.0
Poison Magic   | 2 3 |  3.0
Fighting       | |  1.3
Dodging        | |  2.2
Unarmed Combat | |  3.3
Spellcasting   | |  2.0

Action                   |  1- 3 |  4- 6 || total
-------------------------+-------+-------++-------
Melee: Unarmed           |    70 |    78 ||   148
       Constrict         |    28 |    12 ||    40
       Kick              |    25 |    10 ||    35
       Tentacles         |    17 |     8 ||    25
 Cast: Beastly Appendage |    21 |     9 ||    30
       Spider Form       |       |     8 ||     8
  Use: Potion            |       |     3 ||     3
 Stab: Sleeping          |     9 |     5 ||    14
Armor: Skin              |     5 |     5 ||    10
Dodge: Dodged            |    44 |    67 ||   111
